 Dungeon Crawl Stone Soup version 0.18.1-48-g4cf74bf (webtiles) character file.

59 tyranidshit the Skirmisher (level 3, 0/31 HPs)
             Began as a Demonspawn Abyssal Knight on Sept 11, 2016.
             Was a Follower of Lugonu.
             Succumbed to an adder's poison
             ... on level 2 of the Dungeon.
             The game lasted 00:05:39 (1269 turns).

tyranidshit the Skirmisher (DsAK)                   Turns: 1269, Time: 00:05:39

Health: 0/31       AC:  6    Str: 13      XL:     3   Next: 78%
Magic:  4/4        EV: 16    Int: 13      God:    Lugonu [*.....]
Gold:   92         SH:  0    Dex: 15 (17) Spells: 0 memorised, 2 levels left

rFire  . . .     SeeInvis .     a - +1 hand axe
rCold  . . .     Gourm    .     b - +1 leather armour
rNeg   . . .     Faith    .     (no shield)
rPois  .         Spirit   .     e - +0 helmet
rElec  .         Dismiss  .     (no cloak)
rCorr  .         Reflect  .     m - +0 pair of gloves
SustAt .         Harm     .     (no boots)
MR     .....                    i - amulet of regeneration
Stlth  ++........               (no ring)
                                (no ring)

@: agile, lethally poisoned (0 -> -1), not resistant to hostile enchantments,
unstealthy
A: hooves 1, rot immunity
a: Depart the Abyss, Renounce Religion


You were on level 2 of the Dungeon.
You worshipped Lugonu.
Lugonu was aware of your devotion.
You were near starving.

You visited 1 branch of the dungeon, and saw 2 of its levels.
You visited the Abyss 1 time.

You collected 92 gold pieces.

Inventory:

Hand Weapons
 a - a +1 hand axe (weapon)
 d - the +7 longbow of the Crypt {venom, Dex+4 Stlth+}
   (You acquired it on level 2 of the Abyss)

   It poisons the ammo it fires.
   It affects your dexterity (+4).
   It makes you more stealthy.
Missiles
 j - 44 bolts
Armour
 b - a +1 leather armour (worn)
 e - a +0 helmet (worn)
 f - a +0 shield
 m - a +0 pair of gloves (worn)
Jewellery
 h - an uncursed amulet of faith
 i - an amulet of regeneration (around neck)
Scrolls
 g - 3 scrolls of identify
 k - a scroll of enchant weapon {unknown}
 l - a scroll of teleportation {unknown}
 n - a scroll of recharging {unknown}
 o - a scroll of enchant armour
Potions
 p - a potion of agility
Comestibles
 c - 2 bread rations


   Skills:
 + Level 4.7 Fighting
 - Level 1.7 Axes
 - Level 1.7 Armour
 - Level 1.0 Dodging
 - Level 2.4 Invocations


You had 2 spell levels left.
You didn't know any spells.

Dungeon Overview and Level Annotations

Branches:
Dungeon (2/15)

Altars:


Innate Abilities, Weirdness & Mutations

You have large cloven feet.
You are immune to rotting.


Message History

The adder is severely wounded.
You feel sick. The adder misses you. The adder bites you but does no damage.
Unknown command.
You hit the adder but do no damage.
The adder is severely wounded.
The adder closely misses you.
You closely miss the adder.
The adder is severely wounded.
You feel sick. The adder bites you.
* * * LOW HITPOINT WARNING * * *
You are lethally poisoned!
The adder poisons you! The adder closely misses you.
Unknown command.
You hit the adder. You kick the adder, but do no damage.
The adder is almost dead.
* * * LOW HITPOINT WARNING * * *
You feel sick. The adder barely misses you.
You miss the adder.
The adder is almost dead.
You die...

#..........# #S# #
#..........# #.......
#..........# #.......
#..........####.......
#..........##.........
#..........##.........
#........<.##.........
#..........##.).......
#######....@SS†.......
#.#####J........ #.
#...###### #. #...# #.
#####


You could see an ooze, an adder and a ball python.

Vanquished Creatures
  2 adders (D:2)
  2 dart slugs (D:2)
  A giant gecko (D:2)
  2 ball pythons
  5 bats
  6 goblins
  6 hobgoblins
  3 kobolds
  3 giant newts
  4 rats
34 creatures vanquished.

Notes
Turn   | Place    | Note
--------------------------------------------------------------
     0 | Abyss:1  | tyranidshit the Demonspawn Abyssal Knight began the quest for the Orb.
     0 | Abyss:1  | Reached XP level 1. HP: 18/18 MP: 2/2
    47 | Abyss:2  | Found a corrupted altar of Lugonu.
    90 | Abyss:2  | Noticed a quasit
   100 | Abyss:2  | Identified a scroll of acquirement
   101 | Abyss:2  | Noticed a raiju
   101 | Abyss:2  | Got a crude longbow
   102 | D:1      | Escaped the Abyss
   103 | D:1      | Identified the +7 longbow of the Crypt {venom, Dex+4 Stlth+} (You acquired it on level 2 of the Abyss)
   230 | D:1      | Reached skill level 1 in Dodging
   457 | D:1      | Reached * piety under Lugonu
   457 | D:1      | Gained mutation: You have large cloven feet. [demonic ancestry]
   457 | D:1      | Reached XP level 2. HP: 4/24 MP: 3/3
   902 | D:2      | Reached skill level 4 in Fighting
   902 | D:2      | Gained mutation: You are immune to rotting. [demonic ancestry]
   902 | D:2      | Reached XP level 3. HP: 27/30 MP: 4/4
  1267 | D:2      | HP: 1/31 [adder (2)]
  1269 | D:2      | Succumbed to an adder's poison

Skill      XL: |  1  2 |
---------------+-------+-----
Dodging        | 1 |  1.0
Fighting       | 4 |  4.7
Axes           | |  1.7
Armour         | |  1.7
Invocations    | |  2.4

Action                   || total
-------------------------++-------
Melee: Hand axe          ||   148
       Kick              ||    13
Invok: Depart the Abyss  ||     1
  Use: Scroll            ||     7
       Potion            ||     1
Armor: Leather armour    ||    84
Dodge: Dodged            ||   121
